 Dungeon Crawl Stone Soup version 0.30-a0-462-gd5975efbca (webtiles) character file.

Game seed: 6372386074773651000

1255 cforsyth the Covered (level 8, 0/71 HPs)
             Began as an Armataur Gladiator on Dec 17, 2022.
             Was a Believer of Okawaru.
             Slain by a shadow (13 damage)
             ... on level 7 of the Dungeon.
             The game lasted 00:11:24 (6595 turns).

cforsyth the Covered (Armataur Gladiator)           Turns: 6595, Time: 00:11:24

Health: 0/71       AC: 18    Str: 19    XL:     8   Next: 26%
Magic:  6/8        EV: 10    Int:  8    God:    Okawaru [**....]
Gold:   561        SH:  6    Dex: 15    Spells: 7/7 levels left

rFire   . . .      SeeInvis .    a - +0 long sword (drain)
rCold   . . .      Faith    .    o - +0 buckler
rNeg    . . .      Spirit   .    J - +0 plate armour
rPois   .          Reflect  .    m - +0 helmet
rElec   .          Harm     .    (no cloak)
rCorr   .          Roll     +    q - +2 pair of gloves
Will    .....                    (no barding)
Stlth   ..........               y - amulet of regeneration
HPRegen 1.11/turn                x - +4 ring of evasion
MPRegen 0.11/turn                D - +4 ring of slaying

@: heroic
A: large, rugged brown scales 3, deformed body, armoured tail, roll, long
tongue, awkward tongue
a: Renounce Religion, Heroism


You were on level 7 of the Dungeon.
You worshipped Okawaru.
Okawaru was pleased with you.
You visited 2 branches of the dungeon, and saw 8 of its levels.

You collected 561 gold pieces.

Inventory:

Hand Weapons
 a - a +0 long sword of draining (weapon)
Missiles
 d - 3 throwing nets (quivered)
 e - a javelin
 G - 6 silver javelins
Armour
 m - a +0 helmet (worn)
 o - a +0 buckler (worn)
 q - a +2 pair of gloves (worn)
 J - a +0 plate armour (worn)
Jewellery
 x - a +4 ring of evasion (left hand)
 y - an amulet of regeneration (around neck)
 D - a +4 ring of slaying (right hand)
Scrolls
 f - a scroll of enchant armour {unknown}
 g - a scroll of noise {unknown}
 i - 2 scrolls of amnesia {unknown}
 k - 2 scrolls of poison
 l - 2 scrolls of enchant weapon {unknown}
 r - a scroll of torment
 s - a scroll of brand weapon
 t - a scroll of silence {unknown}
 u - a scroll of magic mapping {unknown}
 w - a scroll of blinking {unknown}
 z - 2 scrolls of teleportation {unknown}
 E - a scroll of immolation {unknown}
 I - a scroll of fog {unknown}
Potions
 c - 2 potions of curing
 h - a potion of mutation
 j - a potion of heal wounds
 p - 3 potions of cancellation
 v - a potion of brilliance
 A - a potion of flight
 B - a potion of ambrosia
 C - a potion of haste {unknown}
 F - a potion of lignification {unknown}
 H - 2 potions of resistance {unknown}


   Skills:
 + Level 4.9(9.9) Fighting
 + Level 5.4(10.4) Long Blades
 - Level 1.7(6.7) Throwing
 + Level 6.0(11.0) Armour
 - Level 2.1(7.1) Dodging
 + Level 4.7(9.7) Shields


You had 7 spell levels left.
You didn't know any spells.
Your spell library contained the following spells:

 Spells                   Type           Power      Damage    Failure   Level
 Dazzling Flash           Conj/Hex       0%         N/A       100%        3
 Iskenderun's Mystic Bla  Conj/Tloc      0%         2d3       100%        4
 Freezing Cloud           Conj/Ice/Air   0%         6-21      100%        5
 Starburst                Conj/Fire      0%         6d3       100%        6
 Polar Vortex             Ice            0%         N/A       100%        9
 Simulacrum               Ice/Necr       Unusable   N/A       N/A         6

Dungeon Overview and Level Annotations

Branches:
Dungeon (7/15)             Temple (1/1) D:4

Altars:
Ashenzari
Dithmenos
Elyvilon
Fedhas
Hepliaklqana
Kikubaaqudgha
Makhleb
Nemelex Xobeh
Okawaru
Qazlal
Ru
Sif Muna
Trog
Vehumet
Xom
Yredelemnul
Zin
The Shining One

Shops:
D:2 *   D:3 (:((

Annotations:
D:7 1 runed translucent door, Crazy Yiuf


Innate Abilities, Weirdness & Mutations

You are completely covered in rugged brown scales. (AC +3, +7% HP)
Armour fits poorly on your strangely shaped body.
You have a long armoured tail.
You roll when moving toward enemies. (Rampage)
Your long tongue fully drains potion bottles. (2x potion effects)
Your tongue gives you trouble enunciating. (1.5x scroll delay)


Message History

The shadow flickers and vanishes!
Deactivating autopickup; reactivate with Ctrl-A.
You closely miss something.
The shadow strikes at you from the darkness!
* * * LOW HITPOINT WARNING * * *
Reactivating autopickup.
You hit the shadow. You tail-slap the shadow.
The shadow is heavily damaged.
The shadow slips into darkness.
The shadow flickers and vanishes!
Deactivating autopickup; reactivate with Ctrl-A.
You closely miss something.
Your tail-slap misses something.
The shadow strikes at you from the darkness!
* * * LOW HITPOINT WARNING * * *
Reactivating autopickup.
You slurp down every last drop of the 2 potions of heal wounds!
You feel much better. The shadow hits you!
You barely miss the shadow.
The shadow is heavily damaged.
The shadow hits you.
* * * LOW HITPOINT WARNING * * *
The shadow hits you.
* * * LOW HITPOINT WARNING * * *
Unknown command.
You gain the combat prowess of a mighty hero.
The shadow hits you!
* * * LOW HITPOINT WARNING * * *
You slash the shadow!
The shadow is severely damaged.
The shadow completely misses you.
You barely miss the shadow.
Your tail-slap misses the shadow.
The shadow is severely damaged.
You hit the shadow.
The shadow is severely damaged.
The shadow slips into darkness.
The shadow flickers and vanishes!
Deactivating autopickup; reactivate with Ctrl-A.
You miss something.
The shadow strikes at you from the darkness!
You die...

#.>#########...##....
###..........#...#....
#.........##...#.#....
#.........####........
#.........#######.....
#.............####....
#.........#....###....
#######.######....###...
#......@.# #....# #...
#......{.# ♣....♣ #...
#........# ♣♣...♣ #...
#......... ♣♣.♣♣ #[..
.........## ♣♣.♣ #...
.........# ♣.♣♣ ##..
..###..### ♣♣.♣ #.# #.
#.# ♣.♣♣ ##.# #+# #...


There were no monsters in sight!

Vanquished Creatures
  A water moccasin (D:5)
  A black bear (D:5)
  An orc warrior (D:7)
  A centaur (D:7)
  A phantom (D:5)
  A scorpion (D:5)
  3 hounds
  3 orc priests
  A jelly (D:4)
  4 iguanas
  9 orc wizards
  7 gnolls
  5 adders
  A shadow imp (D:7)
  A white imp (D:7)
  An ufetubus (D:4)
  A worm (D:4)
  6 dart slugs
  20 orcs
  3 endoplasms
  3 giant cockroaches
  8 goblins
  11 hobgoblins
  2 jackals (D:5)
  5 quokkas
  5 ball pythons
  8 bats
  3 frilled lizards
  3 kobolds
  4 rats
123 creatures vanquished.

Vanquished Creatures (others)
  6 plants (D:2)
6 creatures vanquished.

Grand Total: 129 creatures vanquished

Notes
Turn   | Place    | Note
-------+----------+-------------------------------------------
     0 | D:1      | cforsyth the Armataur Gladiator began the quest for the
                  | Orb.
     0 | D:1      | Reached XP level 1. HP: 18/18 MP: 1/1
   158 | D:1      | Reached skill level 1 in Armour
   177 | D:1      | Reached XP level 2. HP: 25/25 MP: 2/2
   982 | D:2      | Reached XP level 3. HP: 21/31 MP: 3/3
  1164 | D:2      | Found Vefuiten's Assorted Antiques.
  1243 | D:2      | Reached skill level 2 in Armour
  1582 | D:2      | Found a faded altar of an unknown god.
  1719 | D:3      | Reached XP level 4. HP: 34/39 MP: 4/4
  1727 | D:3      | Found Mypream's Book Shoppe.
  1778 | D:3      | Found a stormy altar of Qazlal.
  1795 | D:3      | Found a broken altar of Ashenzari.
  1833 | D:3      | Found Moosinla's Weapon Boutique.
  1860 | D:3      | Reached skill level 1 in Shields
  2081 | D:3      | Found Haom's Antique Weapon Shop.
  2159 | D:3      | Found Qysyit Ivid's Antique Weapon Boutique.
  2249 | D:3      | Found a shimmering altar of Xom.
  2538 | D:4      | Reached XP level 5. HP: 47/47 MP: 5/5
  2585 | D:4      | Reached skill level 3 in Armour
  3003 | D:4      | Found a staircase to the Ecumenical Temple.
  3040 | D:4      | Found a burning altar of Makhleb.
  3202 | Temple   | Entered the Ecumenical Temple
  3429 | Temple   | Became a worshipper of Warmaster Okawaru
  3480 | D:5      | Entered Level 5 of the Dungeon
  3562 | D:5      | Reached XP level 6. HP: 54/54 MP: 6/6
  3672 | D:5      | Reached skill level 4 in Armour
  3720 | D:5      | Reached * piety under Okawaru
  3749 | D:5      | Noticed a water moccasin
  3759 | D:5      | Killed a water moccasin
  3760 | D:5      | Reached XP level 7. HP: 44/62 MP: 4/7
  4162 | D:5      | Reached skill level 5 in Armour
  5063 | D:6      | Found a sacrificial altar of Ru.
  5363 | D:6      | Found an ancient bone altar of Kikubaaqudgha.
  5545 | D:7      | Reached skill level 5 in Long Blades
  5570 | D:6      | Reached XP level 8. HP: 39/71 MP: 8/8
  6318 | D:7      | Reached ** piety under Okawaru
  6450 | D:7      | Found a glowing silver altar of Zin.
  6555 | D:7      | Found a runed translucent door.
  6556 | D:7      | Noticed Crazy Yiuf
  6581 | D:7      | Reached skill level 6 in Armour
  6595 | D:7      | Slain by a shadow

Illustrated notes

Levels and vault maps discovered:
D:1:      matt_arrival_debris, layout_loops_corners, minmay_fountain_box,
          kennysheep_doodads, minmay_pentomino_r2
D:2:      cheibrodos_old_hovel, layout_basic, chequers_ecumenical_altar_lobes,
          serial_shops, shop
D:3:      layout_loops_cross, nicolae_ashenzari_skybound,
          nicolae_qazlal_general_emergency, mainiacjoe_overflow_paths,
          serial_shops, nicolae_lakefront_shop, nicolae_shop_overgrown_old_shop,
          nicolae_shop_bloodbath_and_beyond, shop_statue
D:4:      layout_loops_cross, bloody_makhleb, lemuel_temple_firewalk_a
D:5:      layout_loops_ring
D:6:      layout_basic, mainiacjoe_overflow_alcove_1,
          nicolae_ru_sacrificial_ziggurat
D:7:      layout_rooms, zin_scriptorium, hangedman_decor_slide_cut,
          uniq_crazy_yiuf_cottage
Temple:   minmay_temple_curvy_loop

Skill      XL: |  1  2  3  4  5  6  7  8 |
---------------+-------------------------+-----
Fighting       | 2 3 4 |  4.9
Armour         | 1 2 3 4 5 6 |  6.0
Long Blades    | 3 4 5 |  5.4
Shields        | 1 2 3 4 |  4.7
Throwing       | |  1.7
Dodging        | |  2.1

Action                   |  1- 3 |  4- 6 |  7- 9 || total
-------------------------+-------+-------+-------++-------
Melee: Long sword        |   116 |   190 |   153 ||   459
       Tailslap          |    11 |    25 |    20 ||    56
       Punch             |     1 |       |       ||     1
Invok: Heroism           |       |     1 |     1 ||     2
  Use: Potion            |     1 |       |     1 ||     2
       Scroll            |       |       |     9 ||     9
Armor: Leather armour    |    54 |       |       ||    54
       Chain mail        |     3 |   127 |    93 ||   223
       Plate armour      |       |       |    25 ||    25
Dodge: Dodged            |    78 |    52 |    43 ||   173
Block: Buckler           |     2 |    41 |    40 ||    83

Table legend: (Time is in decaauts)
 A = Elapsed time spent in this place.
 B = Non-inter-level travel time spent in this place.
 C = Inter-level travel time spent in this place.
 D = Time resting spent in this place.
 E = Time spent auto-exploring this place.
 F = Levels seen in this place.
 G = Mean time per level.
                   A        B        C        D        E       F      G
               +--------+--------+--------+--------+--------+-----+--------+
         Total |   6704 |   6440 |    264 |   1182 |   4152 |   8 |  838.0 |
       Dungeon |   6466 |   6240 |    226 |   1182 |   3957 |   7 |  923.7 |
        Temple |    238 |    200 |     38 |      0 |    195 |   1 |  238.0 |
               +--------+--------+--------+--------+--------+-----+--------+

Top non-repeatable levels by time:
     D:6: 1690 daAuts
     D:5: 1117 daAuts
     D:1: 917 daAuts
     D:4: 853 daAuts
     D:2: 814 daAuts
     D:3: 711 daAuts
     D:7: 360 daAuts
  Temple: 238 daAuts
